 Dungeon Crawl Stone Soup version 0.32-a0-705-g60f2335 (webtiles) character file.

Game seed: 8076244240904880014

59860 Toastz the Jinx (level 14, -2/124 HPs)
             Began as a Purple Draconian Enchanter on Mar 14, 2024.
             Was the Champion of Dithmenos.
             Shot with an arrow by a centaur warrior (13 damage)
             ... on level 2 of the Orcish Mines.
             The game lasted 01:01:33 (21730 turns).

Toastz the Jinx (Purple Draconian Enchanter)       Turns: 21730, Time: 01:01:33

Health: -2/124     AC: 14    Str: 11    XL:     14   Next: 54%
Magic:  23/23      EV: 16    Int: 19    God:    Dithmenos [******]
Gold:   1356       SH:  5    Dex: 13    Spells: 0/25 levels left

rFire   . . .        b - +2 dagger (elec)
rCold   + . .        V - orb {guile}
rNeg    . . .        (body armour unavailable)
rPois   +            (helmet restricted)
rElec   .            v - +2 cloak
rCorr   .            l - +2 pair of gloves
SInv    .            (no boots)
Will    .....        d - amulet of reflection
Stlth   +++++++      O - ring of protection from cold
HPRegen 0.40/turn    R - ring of poison resistance
MPRegen 0.18/turn

%: reflection
@: wreathed by umbra
A: nullifying breath, AC +8, unfitting armour, cold-blooded
a: Nullifying Breath, Renounce Religion, Shadow Step, Shadow Form


You were on level 2 of the Orcish Mines.
You worshipped Dithmenos.
Dithmenos was exalted by your worship.
You visited 4 branches of the dungeon, and saw 18 of its levels.

You collected 1406 gold pieces.
You spent 50 gold pieces at shops.

Inventory:

Hand Weapons
 b - a +2 dagger of electrocution (weapon)
 r - a +3 scimitar of flaming
 Q - a +1 dagger of venom
Missiles
 e - 9 javelins (quivered)
 L - 16 poisoned darts
 P - 5 datura-tipped darts
 U - a throwing net
Armour
 l - a +2 pair of gloves (worn)
 v - a +2 cloak (worn)
 G - a +2 buckler of protection
 V - an orb of guile (worn)
Jewellery
 d - an amulet of reflection (around neck)
 o - an amulet of the acrobat
 u - a ring of protection from fire
 K - an amulet of guardian spirit
 M - a ring of protection from fire
 O - a ring of protection from cold (left hand)
 R - a ring of poison resistance (right hand)
 Y - a ring of protection from cold
Wands
 q - a wand of digging (13)
 y - a wand of mindburst (17)
 z - a wand of light (30)
 C - a wand of warping (18)
 H - a wand of flame (22)
 T - a wand of charming (8)
Scrolls
 a - 2 scrolls of fear {unknown}
 c - 3 scrolls of amnesia
 h - 2 scrolls of noise {unknown}
 k - 2 scrolls of poison
 m - 2 scrolls of vulnerability
 s - 2 scrolls of blinking {unknown}
 t - 2 scrolls of enchant weapon
 w - 2 scrolls of teleportation
 x - 4 scrolls of fog
 I - 4 scrolls of immolation
 J - 3 scrolls of revelation {unknown}
 N - a scroll of silence {unknown}
 S - a scroll of butterflies {unknown}
 W - a scroll of brand weapon {unknown}
 Z - a scroll of identify
Potions
 f - 3 potions of mutation
 g - 2 potions of lignification {unknown}
 i - 3 potions of attraction {unknown}
 j - 3 potions of heal wounds
 n - a potion of invisibility
 p - 3 potions of degeneration {unknown}
 A - 3 potions of haste
 B - 2 potions of enlightenment
 D - a potion of magic {unknown}
 E - 4 potions of curing
 F - a potion of resistance
 X - a potion of might {unknown}


   Skills:
 + Level 11.3 Fighting
 - Level 11.2 Short Blades
 + Level 10.8 Dodging
 - Level 10.0 Stealth
 - Level 4.7 Shields
 - Level 6.0 Spellcasting
 - Level 3.0 Conjurations
 + Level 12.9 Hexes
 - Level 2.0 Ice Magic
 - Level 5.0 Alchemy
 + Level 4.3 Invocations


You couldn't memorise any spells.
You knew the following spells:

 Your Spells              Type           Power      Damage    Failure   Level
a - Ensorcelled Hibernat  Hex/Ice        68%        N/A       1%          2
b - Confusing Touch       Hex            53%        N/A       1%          3
c - Tukima's Dance        Hex            53%        N/A       1%          3
d - Dazzling Flash        Conj/Hex       72%        N/A       1%          3
e - Jinxbite              Hex            100%       N/A       1%          2
f - Yara's Violent Unrav  Hex/Alch       19%        3d9       8%          5
g - Enfeeble              Hex            26%        N/A       43%         7

Your spell library contained the following spells:

 Spells                   Type           Power      Damage    Failure   Level
 Anguish                  Hex/Necr       15%        N/A       8%          4
 Dimensional Bullseye     Hex/Tloc       15%        N/A       8%          4
 Necrotise                Necr           20%        1d5       11%         1
 Frozen Ramparts          Ice            26%        1d4       14%         3
 Ozocubu's Armour         Ice            13%        N/A       14%         3
 Metabolic Englaciation   Hex/Ice        17%        N/A       14%         5
 Call Imp                 Summ           10%        N/A       17%         2
 Sublimation of Blood     Necr           5%         N/A       17%         2
 Fugue of the Fallen      Necr           5%         N/A       32%         3
 Vampiric Draining        Necr           5%         2d6       32%         3
 Martyr's Knell           Necr/Summ      5%         N/A       73%         4
 Curse of Agony           Necr           5%         N/A       97%         5
 Summon Hydra             Summ           2%         N/A       100%        7
 Death's Door             Necr           2%         N/A       100%        9


Dungeon Overview and Level Annotations

Branches:
Dungeon (10/15)            Temple (1/1) D:4            Lair (5/5) D:10
 Shoals (0/4) Lair:2       Spider (0/4) Lair:2        Slime (0/5) Lair:5
    Orc (2/2) D:10            Elf (0/3) Orc:2

Altars:
Ashenzari
Cheibriados
Dithmenos
Elyvilon
Fedhas
Gozag
Hepliaklqana
Kikubaaqudgha
Makhleb
Nemelex Xobeh
Okawaru
Qazlal
Ru
Sif Muna
Trog
Uskayaw
Vehumet
Wu Jian
Xom
Yredelemnul
Zin
The Shining One
Jiyva

Shops:
D:1 !   D:9 *   Orc:2 (

Annotations:
D:3 2 transporters, december12's ghost, amateur BaMo


Innate Abilities, Weirdness & Mutations

You can breathe blasts of antimagic.
Your rich purple scales are hard. (AC +8)
You cannot fit into any form of body armour.
You are cold-blooded and may be slowed by cold attacks.


Message History

The kobold blastminer wields a +0 arbalest.
The kobold blastminer shoots a bolt.
The bolt closely misses you.
The centaur shoots an arrow.
The arrow misses you.
There is a staircase to the Elven Halls here.
The centaur shoots an arrow.
The arrow misses you.
The kobold blastminer shoots a bolt.
The bolt barely misses you.
The centaur shoots an arrow.
The arrow hits you.
The centaur shoots an arrow.
The arrow hits you but does no damage.
The kobold blastminer shoots a bolt.
The bolt hits you!
The centaur wields a +0 orcbow of freezing.
It is covered in frost.
The centaur shoots an arrow.
The arrow hits you.
The centaur shoots an arrow.
The arrow hits you.
The centaur shoots an arrow.
The arrow hits you but does no damage.
The centaur shoots an arrow.
The arrow hits you but does no damage.
The centaur warrior shoots an arrow.
The arrow barely misses you.
You hear a shout!
The centaur warrior shoots an arrow.
The arrow hits you!
The centaur shoots an arrow.
The arrow closely misses you.
The centaur shoots an arrow.
The arrow hits you. The arrow freezes you.
* * * LOW HITPOINT WARNING * * *
The centaur warrior shoots an arrow.
The arrow hits you.
* * * LOW HITPOINT WARNING * * *
You hear a shout!
Found 14 gold pieces.
The centaur warrior shoots an arrow.
The arrow hits you!!
* * * LOW HITPOINT WARNING * * *
The centaur shoots an arrow.
The arrow misses you.
The centaur shoots an arrow.
The arrow barely misses you.
The centaur warrior shoots an arrow.
The arrow completely misses you.
Okay, then.
As you read the scroll of teleportation, it crumbles to dust.
You feel strangely unstable.
The centaur shoots an arrow.
The arrow closely misses you.
The centaur shoots an arrow.
The arrow misses you.
The centaur shoots an arrow.
The arrow closely misses you.
The centaur shoots an arrow.
The arrow hits you.
* * * LOW HITPOINT WARNING * * *
Your surroundings seem slightly different.
The centaur shoots an arrow.
The arrow completely misses you.
The centaur warrior shoots an arrow.
The arrow hits you!
You die...

####....#### ##.#......#.##
#............##
#........#.#ยง##
####.........c...# .
###.##..........c.### ..
#..<..#........cc.#.##...
#........#........#......#
##..........@..$.........#
#................>..#....
##...............#...#..#
###.#............#..#.K#...
..#..................c......
....#...............c........
#....#..........#......#..#...
...............#.#........#...
##......................c......


You could see a centaur warrior and 3 centaurs.

Vanquished Creatures
  Kirke (Lair:4)
  An ettin (Orc:1)
  4 hydras
  Erica (D:10)
  5 death yaks (Lair:3)
  An orc high priest (Orc:1)
  Nergalle (Lair:3)
  Urug (Lair:3)
  Amaemon (Lair:1)
  2 skysharks
  An orc knight (Orc:2)
  A lindwurm (Lair:5)
  A deep elf pyromancer (D:8)
  2 manticores (Orc:1)
  4 orc sorcerers
  Maurice (D:10)
  10 elephants
  A merfolk siren (Lair:2)
  2 torpor snails
  13 cane toads
  12 black mambas
  6 rime drakes
  5 orange demons
  4 komodo dragons
  3 merfolk (Lair:2)
  A troll (Orc:2)
  4 polar bears (Lair:5)
  4 dream sheep
  6 hornets
  24 blink frogs
  3 slime creatures (Lair:5)
  14 spriggans
  A human (Lair:4)
  6 wyverns
  31 yaks
  A basilisk (Lair:1)
  3 wargs
  An acid dragon (D:10)
  17 water moccasins
  11 orc warriors
  2 ice beasts
  2 sky beasts
  3 black bears (Lair:5)
  An ogre (D:5)
  15 wolves
  3 boggarts (Lair:5)
  4 centaurs
  A phantom (D:6)
  A kobold brigand (D:9)
  18 bullfrogs
  9 scorpions
  15 killer bees
  3 electric eels
  2 howler monkeys (D:7)
  3 hounds
  13 orc priests
  A bombardier beetle (D:5)
  2 gnoll boudas
  4 jellies
  3 sleepcaps
  19 orc wizards
  8 adders
  9 gnolls
  5 dart slugs
  4 ribbon worms
  44 orcs
  5 ball pythons
  A bat zombie (D:3)
  5 endoplasms
  4 giant cockroaches
  4 goblins
  9 hobgoblins
  10 jackals
  3 quokkas
  3 bats
  5 frilled lizards
  2 frilled lizard zombies (D:3)
  13 kobolds
  6 rats
475 creatures vanquished.

Vanquished Creatures (collateral kills)
  A two-headed ogre (D:10)
  An orc high priest (Orc:1)
  Joseph (D:10)
  5 orc warriors
  2 ogres (Orc:1)
  An orc wizard (D:10)
  2 gnolls (D:8)
  5 orcs
18 creatures vanquished.

Vanquished Creatures (others)
  5 dancing weapons
  An orc (D:10)
6 creatures vanquished.

Grand Total: 499 creatures vanquished

Notes
Turn   | Place    | Note
-------+----------+-------------------------------------------
     0 | D:1      | Toastz the Draconian Enchanter began the quest for the Orb.
     0 | D:1      | Reached XP level 1. HP: 14/14 MP: 3/3
   138 | D:1      | Reached XP level 2. HP: 22/22 MP: 5/5
   260 | D:1      | Learned a level 2 spell: Ensorcelled Hibernation
   414 | D:1      | Reached skill level 1 in Fighting
   488 | D:1      | Reached skill level 3 in Hexes
   517 | D:1      | Reached XP level 3. HP: 28/28 MP: 6/6
   889 | D:1      | Found Abemas's Distillery.
   897 | D:1      | Bought a potion of heal wounds for 50 gold pieces
  1372 | D:2      | Reached skill level 1 in Ice Magic
  1379 | D:2      | Learned a level 3 spell: Confusing Touch
  1558 | D:2      | Reached XP level 4. HP: 35/35 MP: 1/7
  2485 | D:3      | Found a faded altar of an unknown god.
  2583 | D:3      | Found a transporter.
  2617 | D:3      | Found an ancient bone altar of Kikubaaqudgha.
  2645 | D:3      | Found a transporter.
  2650 | D:3      | Noticed december12's ghost (amateur BaMo)
  3011 | D:4      | Found a shadowy altar of Dithmenos.
  3028 | D:4      | Became a worshipper of Dithmenos the Shadowed
  3087 | D:4      | Found a staircase to the Ecumenical Temple.
  3095 | Temple   | Entered the Ecumenical Temple
  3177 | D:4      | Reached XP level 5. HP: 23/41 MP: 1/8
  3311 | D:4      | Noticed an ice beast
  3336 | D:4      | Killed an ice beast
  3414 | D:4      | Learned a level 3 spell: Tukima's Dance
  3596 | D:5      | Entered Level 5 of the Dungeon
  3663 | D:5      | Reached XP level 6. HP: 45/50 MP: 4/9
  3820 | D:5      | Reached skill level 4 in Hexes
  3971 | D:5      | Found a radiant altar of Vehumet.
  4181 | D:4      | Your scales start taking on a rich purple colour.
  4181 | D:4      | Reached skill level 5 in Hexes
  4181 | D:4      | Reached XP level 7. HP: 25/57 MP: 4/10
  4831 | D:6      | Found a shimmering altar of Xom.
  5003 | D:6      | Reached skill level 6 in Hexes
  5017 | D:6      | Reached * piety under Dithmenos
  5171 | D:6      | Reached XP level 8. HP: 66/66 MP: 5/11
  5543 | D:6      | Learned a level 3 spell: Dazzling Flash
  5931 | D:6      | Reached skill level 7 in Hexes
  6129 | D:7      | Found a sacrificial altar of Ru.
  6134 | D:7      | Reached skill level 1 in Shields
  6138 | D:7      | Reached skill level 1 in Conjurations
  6239 | D:7      | Reached skill level 5 in Stealth
  6481 | D:7      | Reached XP level 9. HP: 72/72 MP: 9/12
  6865 | D:8      | Reached skill level 8 in Hexes
  6881 | D:8      | Reached skill level 5 in Short Blades
  6913 | D:8      | Reached skill level 5 in Dodging
  6933 | D:8      | Reached skill level 9 in Hexes
  6976 | D:8      | Reached ** piety under Dithmenos
  7093 | D:8      | You fall into a shaft and drop 1 floor!
  7256 | D:8      | Reached XP level 10. HP: 76/80 MP: 4/13
  7393 | D:8      | Noticed a deep elf pyromancer
  7418 | D:8      | Killed a deep elf pyromancer
  7559 | D:8      | Found a hide-covered altar of Uskayaw.
  7562 | D:8      | Found a snail-covered altar of Cheibriados.
  7844 | D:9      | Reached skill level 10 in Hexes
  7939 | D:9      | Found Ixeec's Neck Hole.
  8793 | D:9      | Learned a level 2 spell: Jinxbite
  8794 | D:10     | Entered Level 10 of the Dungeon
  8889 | D:10     | Noticed an elephant
  8913 | D:10     | Noticed Erica
  8974 | D:10     | Killed Erica
  9579 | D:10     | Reached skill level 5 in Fighting
  9586 | D:10     | Reached XP level 11. HP: 73/86 MP: 9/16
  9589 | D:10     | Reached *** piety under Dithmenos
  9741 | D:10     | Noticed Joseph
  9755 | D:10     | Noticed a two-headed ogre
  9860 | D:10     | Killed a two-headed ogre
 10530 | D:10     | Found a staircase to the Lair.
 10545 | D:10     | Noticed Maurice
 10548 | D:10     | Killed Joseph
 10642 | D:10     | Found a staircase to the Orcish Mines.
 10648 | D:10     | Killed Maurice
 10959 | Lair:1   | Entered Level 1 of the Lair of Beasts
 10995 | Lair:1   | Reached **** piety under Dithmenos
 11427 | Lair:1   | Reached skill level 11 in Hexes
 11538 | Lair:1   | Noticed Amaemon
 11572 | Lair:1   | Killed Amaemon
 11857 | Lair:1   | Reached XP level 12. HP: 70/100 MP: 16/18
 12222 | Lair:1   | Learned a level 5 spell: Yara's Violent Unravelling
 12406 | Lair:2   | Reached skill level 1 in Alchemy
 12417 | Lair:2   | Found a staircase to the Shoals.
 12728 | Lair:2   | Found a hole to the Spider Nest.
 12761 | Lair:2   | Noticed an eight-headed hydra
 12785 | Lair:2   | Killed an eight-headed hydra
 13452 | Lair:2   | Noticed a seven-headed hydra
 13990 | Lair:3   | Reached ***** piety under Dithmenos
 13997 | Lair:3   | Noticed a six-headed hydra
 14028 | Lair:3   | Killed a six-headed hydra
 14239 | Lair:3   | Noticed Urug
 14259 | Lair:3   | Killed Urug
 14260 | Lair:3   | Reached skill level 10 in Stealth
 14406 | Lair:3   | Noticed Nergalle
 14422 | Lair:3   | Killed Nergalle
 14609 | Lair:3   | Reached XP level 13. HP: 107/108 MP: 13/19
 14864 | Lair:3   | Reached skill level 10 in Short Blades
 15667 | Lair:4   | Identified the +6 glaive of the Walnut {drain, rElec}
 15707 | Lair:4   | Reached skill level 5 in Alchemy
 16120 | Lair:4   | Found a glowing silver altar of Zin.
 16312 | Lair:4   | Noticed Kirke
 16316 | Lair:4   | Noticed a sphinx
 16327 | Lair:4   | Killed Kirke
 16467 | Lair:4   | Found a runed translucent door.
 16925 | Lair:4   | Got the Compendium of Beguiling and Skeletons
 16950 | Lair:5   | Entered Level 5 of the Lair of Beasts
 16998 | Lair:5   | Reached skill level 10 in Fighting
 17015 | Lair:5   | Reached skill level 10 in Dodging
 17023 | Lair:5   | Reached skill level 12 in Hexes
 17293 | Lair:5   | Reached skill level 5 in Spellcasting
 17511 | Lair:5   | HP: 4/113 [poisoned by a spriggan rider]
 17730 | Lair:5   | Found a staircase to the Slime Pits.
 17731 | Lair:5   | Found a viscous altar of Jiyva.
 17761 | Lair:5   | Reached skill level 1 in Invocations
 17767 | Lair:5   | Reached XP level 14. HP: 118/122 MP: 7/21
 18967 | Lair:5   | Identified the +2 chain mail of the Invisible Hand {Str+3
                  | Dex+7}
 19436 | Orc:1    | Entered Level 1 of the Orcish Mines
 19657 | Orc:1    | Reached ****** piety under Dithmenos
 20386 | Orc:1    | HP: 6/124 [manticore/volley of spikes (11)]
 21087 | Orc:2    | Entered Level 2 of the Orcish Mines
 21119 | Orc:2    | Found Boqan's Antique Weapon Shoppe.
 21120 | Orc:2    | Paralysed by an orc sorcerer for 4 turns
 21321 | Orc:1    | Learned a level 7 spell: Enfeeble
 21710 | Orc:2    | Found a staircase to the Elven Halls.
 21730 | Orc:2    | Shot with an arrow by a centaur warrior

Illustrated notes

Levels and vault maps discovered:
D:1:      psy_arrival_fountain, layout_basic, serial_shops,
          nicolae_shop_just_a_little_nook, minmay_pentomino_v2
D:2:      layout_loops_corners
D:3:      layout_rooms, lemuel_zombie_altar_kikubaaqudgha,
          shapermc_ecumenical_altar_mp_ritualfount, gammafunk_ghost_stat_death
D:4:      layout_basic, lemuel_doored_altar, minmay_temple_entry_sparse_star
D:5:      layout_cave_pools, nicolae_vehumet_radiance
D:6:      layout_basic, kennysheep_mini
D:7:      layout_cave_pools, nicolae_ru_great_annihilating_truth
D:8:      layout_basic, nicolae_overflow_squiral, chequers_decorated_corner,
          guppyfry_early_elven_hall
D:9:      layout_basic, enter_bailey_1, nicolae_shop_sticking_my_neck_out
D:10:     layout_long_grid, grunt_lair_entry_orc_guard_hut, hiddenorc1_lemuel,
          serial_library_hellmonk_big_corner, uniq_erica, uniq_joseph,
          uniq_maurice
Temple:   regret_index_temple_generic_petals
Lair:1:   layout_roguey, uniq_amaemon
Lair:2:   cheibrodos_lair_river_kwai, layout_gridlike,
          elwin_shoals_entry_stream, nicolae_spider_entry_non_spiders,
          grunt_forest_small_clearings
Lair:3:   layout_roguey, uniq_urug, uniq_nergalle
Lair:4:   beast_lair_carwin_large_1, layout_hall_layers, basic_altar,
          chequers_serial_rivers_micro_c, pf_torpor_hydra, uniq_kirke
Lair:5:   minmay_lair_end_enchanted_forest, layout_hall_layers,
          minmay_slime_entry_pillars, grunt_megastairs_5
Orc:1:    layout_diamond_mine, regret_index_minedec_guest_junction,
          einodemon_barbed_minivault
Orc:2:    st_orc_rangers, layout_caves, serial_shops, nicolae_shop_peninsula

Skill      XL: |  1  2  3  4  5  6  7  8  9 10 11 12 13 14 |
---------------+-------------------------------------------+-----
Dodging        | 2 3 4 5 6 8 9 10 | 10.8
Fighting       | 1 2 3 4 5 7 8 10 11 | 11.3
Hexes          | 3 5 6 7 9 10 11 12 | 12.9
Stealth        | 3 4 5 6 7 8 10 | 10.0
Ice Magic      | 1 2 |  2.0
Short Blades   | 2 3 4 5 7 8 9 11 | 11.2
Shields        | 1 2 3 4 |  4.7
Conjurations   | 1 3 |  3.0
Spellcasting   | 3 4 5 6 |  6.0
Alchemy        | 4 5 |  5.0
Invocations    | 1 4 |  4.3

Action                     |  1- 3 |  4- 6 |  7- 9 | 10-12 | 13-15 || total
---------------------------+-------+-------+-------+-------+-------++-------
  Melee: Dagger            |   120 |   171 |   281 |   607 |   443 ||  1622
         Tailslap          |    21 |    22 |    60 |    93 |    72 ||   268
         Long sword        |       |     8 |    64 |       |       ||    72
         Short sword       |       |       |    29 |       |       ||    29
  Throw: Javelin           |       |       |       |       |     3 ||     3
   Cast: Ensorcelled Hiber |    11 |    18 |    45 |   104 |   131 ||   309
         Confusing Touch   |       |     5 |     5 |    15 |    22 ||    47
         Tukima's Dance    |       |     2 |     5 |    12 |     6 ||    25
         Dazzling Flash    |       |       |     3 |    15 |    17 ||    35
         Jinxbite          |       |       |       |     3 |     1 ||     4
         Yara's Violent Un |       |       |       |       |    11 ||    11
Ability: Nullifying Breath |       |       |     5 |     5 |     2 ||    12
  Evoke: Wand              |       |     1 |       |     6 |       ||     7
    Use: Scroll            |     1 |     2 |     7 |     7 |     3 ||    20
         Potion            |       |     1 |       |     2 |     5 ||     8
   Stab: Sleeping          |    12 |    15 |    31 |    73 |    94 ||   225
         Confused          |       |     4 |     5 |    17 |    18 ||    44
         Invisible         |       |     2 |     2 |    15 |    11 ||    30
         Paralysed         |       |       |     1 |       |       ||     1
         Distracted        |       |       |       |     1 |     1 ||     2
 Armour: Skin              |    38 |   105 |   165 |   268 |   381 ||   957
  Dodge: Dodged            |    48 |   115 |   131 |   325 |   481 ||  1100
  Block: Other             |    23 |    45 |    41 |       |       ||   109
         Buckler           |       |       |    68 |   256 |       ||   324
         Reflection        |       |       |       |     3 |       ||     3

Table legend: (Time is in decaauts)
 A = Elapsed time spent in this place.
 B = Non-inter-level travel time spent in this place.
 C = Inter-level travel time spent in this place.
 D = Time resting spent in this place.
 E = Time spent auto-exploring this place.
 F = Levels seen in this place.
 G = Mean time per level.
                   A        B        C        D        E       F      G
               +--------+--------+--------+--------+--------+-----+--------+
         Total |  21258 |  20392 |    866 |   4920 |  11128 |  18 | 1181.0 |
       Dungeon |  10816 |  10366 |    450 |   1495 |   6464 |  10 | 1081.6 |
        Temple |      1 |      1 |      0 |      0 |      0 |   1 |    1.0 |
          Lair |   8214 |   7920 |    294 |   2754 |   3640 |   5 | 1642.8 |
  Orcish Mines |   2224 |   2103 |    121 |    671 |   1024 |   2 | 1112.0 |
               +--------+--------+--------+--------+--------+-----+--------+

Top non-repeatable levels by time:
    D:10: 2113 daAuts
  Lair:5: 2062 daAuts
   Orc:1: 1943 daAuts
  Lair:3: 1670 daAuts
  Lair:4: 1662 daAuts
  Lair:2: 1551 daAuts
     D:6: 1425 daAuts
  Lair:1: 1267 daAuts
     D:2: 1166 daAuts
     D:9: 1029 daAuts
     D:8: 990 daAuts
     D:1: 956 daAuts
     D:4: 919 daAuts
     D:5: 886 daAuts
     D:3: 696 daAuts
